[Event "Early-Titled-Tuesday-Blitz-May-28-2024"]
[Site "Chess.com"]
[Date "2024.05.28"]
[Round "2"]
[White "SmirnovAlexandrA"]
[Black "Grischuk"]
[Result "0-1"]
[WhiteElo "2644"]
[BlackElo "3114"]
[TimeControl "180+1"]
[EndTime "8:19:45 PDT"]
[Termination "Grischuk won by resignation"]

1. e4 e5 2. d4 exd4 3. Qxd4 Nc6 4. Qe3 Nf6 5. Nc3 Bb4 6. Bd2 O-O 7. O-O-O Re8 8. Qg3 Rxe4 9. a3 Bxc3 10. Bxc3 d6 11. f3 Re3 12. Ne2 Qe7 13. Nf4 Rxc3 14. bxc3 Ne5 15.
Qe1 Qf8 16. Bd3 Bd7 17. c4 c5 18. Qc3 Bc6 19. Nd5 Bxd5 20. cxd5 Rb8 21. f4 Nxd3+ 22.
Qxd3 b5 23. Rhe1 a5 24. Qe3 Qd8 25. Qe7 Qb6 26. g4 h5 27. g5 Ng4 28. h3 Nf2 29.
Rd2 b4 30. Rxf2 bxa3 31. Kd2 Qb4+ 32. Ke2 a2 33. g6 fxg6 34. Qe6+ Kh8 35. Qxg6 Qxe1+ 36. Kxe1 a1=Q+ 37. Ke2 Qf6 38. Qxh5+ Kg8 39. Rg2 a4 40.
Rg6 Qf7 41. Qg5 Re8+ 42. Kf2 a3 43. Re6 Rxe6 44. dxe6 Qxe6 45. Qd8+ Kf7 46. Qc7+ Qe7 47.
Qc8 a2 48. Qf5+ Qf6 49. Qd5+ Qe6 50. Qh5+ Kf8 51. Qh8+ Qg8 52. Qh4 a1=Q 53. Qd8+ Kf7 54. Qd7+ Kg6 55. Qxd6+ Qf6 56. Qe5 Qxe5 57. fxe5 Qe6 0-1

[Event "Early-Titled-Tuesday-Blitz-May-28-2024"]
[Site "Chess.com"]
[Date "2024.05.28"]
[Round "2"]
[White "Flaccidmoves"]
[Black "IMRosen"]
[Result "1-0"]
[WhiteElo "2481"]
[BlackElo "2756"]
[TimeControl "180+1"]
[EndTime "8:19:47 PDT"]
[Termination "Flaccidmoves won on time"]

1. c4 e6 2. g3 d5 3. Bg2 d4 4. b4 e5 5. b5 Nf6 6. d3 h6 7.
Nf3 Bd6 8. c5 Bxc5 9. Nxe5 O-O 10.
O-O Re8 11. Nc4 a6 12. bxa6 Rxa6 13. Ncd2 c6 14. Nb3 Ba7 15. N1d2 Be6 16. Nf3 c5 17.
Bd2 b5 18. Bf4 Nc6 19. h4 c4 20. Nbd2 c3 21. Nb3 Nd5 22. Bc1 Bg4 23. Re1 Qd6 24. a3 Bb6 25. Qc2 Qf6 26. Rb1 Qd6 27. Nh2 Bh5 28. Nf3 Raa8 29. Na1 Nc7 30. Qb3 Re7 31.
Nc2 Rae8 32. e4 dxe3 33. Bxe3 Bxe3 34. Nxe3 Qxd3 35. Rbd1 Qg6 36. Qxc3 Bxf3 37. Bxf3 Ne5 38. Bg2 Na6 39. Nd5 Re6 40. Nf4 Qf6 41. Nxe6 Rxe6 42. Qd4 Kh7 43. Qe4+ g6 44. Qf4 Qg7 45.
Bd5 Re7 46. Ba2 g5 47. Qf5+ Qg6 48. Qxg6+ Nxg6 49. Rxe7 Nxe7 50. Bxf7 Kg7 51. Bd5 b4 52. axb4 Nxb4 53. Be4 Kf6 54. hxg5+ hxg5 55. Kg2 Na2 56. Rd3 Nb4 57. Re3 Na2 58. g4 Nc1 59. Bf5 Nxf5 60. Rf3 Kg6 61. Rxf5 Ne2 62. Ra5 Nf4+ 63. Kf3 Nd3 64.
Ra6+ Kg7 65. Ke3 Nb4 66. Rd6 1-0

[Event "Early-Titled-Tuesday-Blitz-May-28-2024"]
[Site "Chess.com"]
[Date "2024.05.28"]
[Round "2"]
[White "Engima32"]
[Black "SoyuzTM4"]
[Result "1-0"]
[WhiteElo "2493"]
[BlackElo "2216"]
[TimeControl "180+1"]
[EndTime "8:19:47 PDT"]
[Termination "Engima32 won on time"]

1. Nf3 Nf6 2. g3 d5 3. Bg2 Bg4 4. O-O e6 5. d4 Nbd7 6. c4 c6 7. Nc3 Be7 8. Qb3 Qb6 9. c5 Qxb3 10. axb3 O-O 11. b4 Ne4 12. h3 Bh5 13. g4 Bg6 14. Nd2 f5 15. Ndxe4 dxe4 16. f3 Bf6 17. e3 exf3 18.
Bxf3 e5 19. d5 e4 20. Be2 Bxc3 21. bxc3 cxd5 22. Rd1 fxg4 23. hxg4 Ne5 24. Rxd5 Nf3+ 25. Kg2 a6 26. c4 Ne1+ 27. Kg3 Nd3 28. Rb1 Rad8 29.
Bd2 Bf7 30. Bxd3 Bxd5 31. cxd5 exd3 32. e4 Rfe8 33. Re1 Kf7 34. Re3 Kg6 35. Kf4 Rf8+ 36. Ke5 Rfe8+ 37. Kd4 Kg5 38. Rh3+ Kxg4 39. Rxh7 Kf3 40.
e5 Ke2 41. Rh2+ Kd1 42. e6 Rxe6 43. Bg5 Re2 44. Rh1+ Re1 45. Rh3 Rde8 46. Rxd3+ Ke2 47. d6 Kf1 48. Bd2 R1e4+ 49. Kc3 Rd8 50. Bg5 Rd7 51. Be7 Ke2 52. Rd4 Re3+ 53. Kc4 Kf3 54. Kd5 1-0

[Event "Early-Titled-Tuesday-Blitz-May-28-2024"]
[Site "Chess.com"]
[Date "2024.05.28"]
[Round "2"]
[White "Keranke"]
[Black "YouJustFoundYourGodfather"]
[Result "1-0"]
[WhiteElo "2899"]
[BlackElo "2594"]
[TimeControl "180+1"]
[EndTime "8:19:49 PDT"]
[Termination "Keranke won on time"]

1. d4 e6 2. Bf4 Nf6 3. Nf3 d5 4.
e3 Bd6 5. Ne5 O-O 6. Nd2 b6 7. Bd3 Ba6 8. Qf3 Bxd3 9. cxd3 c5 10. dxc5 bxc5 11. O-O Qc7 12. d4 cxd4 13. exd4 Nc6 14.
Qc3 Rfc8 15. Rac1 Bxe5 16. dxe5 Nd7 17. Qg3 Nd4 18. Rce1 Qc2 19. h4 h6 20. h5 Kh7 21.
Qh3 Qxb2 22. Rb1 Ne2+ 23. Kh1 Nxf4 24. Rxb2 Nxh3 25. gxh3 Nxe5 26. f4 Nc4 27. Nxc4 Rxc4 28. Rb7 Kg8 29. f5 e5 30. Re7 e4 31. f6 Rf8 32.
Rg1 Rc6 33. Rxg7+ Kh8 34. Rgxf7 Rxf7 35. Rxf7 d4 36. Kg2 d3 37. Kf2 d2 38. Ke2 e3 39.
Rd7 Rc1 40. Rd8+ Kh7 41. f7 Re1+ 42. Kf3 Rf1+ 43. Kxe3 Rxf7 44. Rxd2 Kg7 45. Rd6 Re7+ 46. Kf3 Rf7+ 47. Kg4 Rc7 48. Ra6 Rc4+ 49. Kf5 Rc5+ 50. Kf4 Rc4+ 51. Ke3 Rc3+ 52. Kd4 Rxh3 53. Rxa7+ Kf6 54. Ra5 Rh4+ 55. Kc3 Ke7 56. Rc5 Kd6 57. Rf5 Kc6 58. Rf6+ Kb5 59. Rxh6 Rh3+ 60. Kd4 Rh2 61. Ke5 Rxa2 62. Rf6 Re2+ 63. Kf5 Rf2+ 64.
Kg6 Rg2+ 65. Kf7 Kc5 66. h6 Kd5 67. h7 Rh2 68. Kg7 Ke5 69. Rg6 Kf5 70. Rg1 Rh4 71. h8=Q 1-0

[Event "Early-Titled-Tuesday-Blitz-May-28-2024"]
[Site "Chess.com"]
[Date "2024.05.28"]
[Round "2"]
[White "Jeppesen08"]
[Black "SoCalJuniorChess"]
[Result "0-1"]
[WhiteElo "2473"]
[BlackElo "2225"]
[TimeControl "180+1"]
[EndTime "8:19:49 PDT"]
[Termination "SoCalJuniorChess won on time"]

1. b3 Nf6 2. Bb2 c5 3. Nf3 Nc6 4. e3 d5 5. Bb5 Bd7 6. O-O e6 7. d4 a6 8. Bxc6 Bxc6 9. Ne5 Bd6 10. Nxc6 bxc6 11. c4 cxd4 12. exd4 O-O 13. Nd2 Re8 14. Re1 Qc7 15. h3 e5 16. dxe5 Bxe5 17. Bxe5 Rxe5 18.
cxd5 cxd5 19. Nf3 Rxe1+ 20. Qxe1 Re8 21. Qd2 Rc8 22. Qd3 Qc3 23. Rd1 Qxd3 24. Rxd3 Rc2 25.
a4 h6 26. Nd4 Rc1+ 27. Kh2 Ne4 28. f3 Nc5 29. Re3 Rd1 30. Nf5 d4 31. Re8+ Kh7 32. b4 Ne6 33. Re7 d3 34. Rd7 d2 35.
b5 axb5 36. axb5 Nc5 37. Rd5 Nb3 38. b6 Na5 39. Nd6 Kg6 40. Ne4 Rb1 41. Nxd2 Nb7 42. Rd7 Rxb6 43. Ne4 Na5 44. Rd2 Re6 45. Ng3 Nc4 46. Rc2 Ne3 47. Rc3 Nd5 48. Rd3 Nf4 49. Rd4 Rf6 50. Ne4 Rf5 51. Rd6+ Kh7 52. Rd2 Ne6 53.
Kg3 Ra5 54. Kf2 f5 55. Ng3 f4 56. Ne4 g5 57. Nf6+ Kg6 58. Ng4 h5 59. Rd6 hxg4 60. Rxe6+ Kf5 61. Rb6 g3+ 0-1

[Event "Early-Titled-Tuesday-Blitz-May-28-2024"]
[Site "Chess.com"]
[Date "2024.05.28"]
[Round "2"]
[White "DumbKing75"]
[Black "AryanTari"]
[Result "1-0"]
[WhiteElo "2655"]
[BlackElo "3046"]
[TimeControl "180+1"]
[EndTime "8:19:50 PDT"]
[Termination "DumbKing75 won by checkmate"]

1. e4 e5 2. Nf3 Nc6 3. Bb5 Nge7 4. Nc3 Ng6 5. d4 exd4 6. Nxd4 Nxd4 7. Qxd4 c6 8. Bc4 b5 9. Bb3 Qb6 10. Qxb6 axb6 11.
O-O b4 12. Ne2 Ba6 13. Re1 Bc5 14. Ng3 O-O 15. Bd2 Ne5 16. Rad1 Ng4 17. Nh1 Rae8 18. Bf4 Re7 19. h3 Ne5 20. Bxe5 Rxe5 21. Rxd7 g6 22. Ng3 Kg7 23. Red1 h5 24. Ra7 h4 25.
Nf1 Bc8 26. Nd2 Rd8 27. Rxf7+ Kh6 28. c3 bxc3 29. bxc3 Rd3 30. Rf3 Rd8 31. Bc2 Be7 32. Rd3 Rf8 33. Re3 Bc5 34. Re2 Ba6 35. c4 Re7 36. Bb3 b5 37. cxb5 Bxb5 38. Bc4 Ba4 39. Bb3 Bb5 40. Bc4 Ref7 41. Bxb5 Rxf2 42. Rxf2 Rxf2 43. Kh1 cxb5 44. Nb3 Be3 45. Re1 Bb6 46. e5 Kg7 47. e6 Kf8 48. Nc1 Rxa2 49. Nxa2 Ke7 50.
Re2 Ba5 51. Nc1 Bb6 52. Nb3 b4 53. g3 Bc7 54. Kg2 Bd6 55. gxh4 g5 56. Kf3 g4+ 57. Kxg4 Bc5 58. Kf5 Bd6 59. Nd4 Bc5 60. Nc6+ Kd6 61. e7 Kxc6 62. e8=Q+ Kd5 63. Qe6+ Kd4 64. Qe4+ Kc3 65.
Rc2+ Kb3 66. Qc4+ Ka4 67. Ra2# 1-0

[Event "Early-Titled-Tuesday-Blitz-May-28-2024"]
[Site "Chess.com"]
[Date "2024.05.28"]
[Round "2"]
[White "JoliyRoger"]
[Black "Dolphin_2010"]
[Result "0-1"]
[WhiteElo "2444"]
[BlackElo "2744"]
[TimeControl "180+1"]
[EndTime "8:19:51 PDT"]
[Termination "Dolphin_2010 won by resignation"]

1. d4 d5 2. c4 c6 3. Nc3 Nf6 4.
cxd5 cxd5 5. Bf4 Nc6 6. e3 a6 7. Bd3 Bg4 8. f3 Bh5 9. Nge2 Bg6 10. O-O e6 11. Rc1 Be7 12. Na4 Nd7 13. Qd2 O-O 14.
Bxg6 hxg6 15. h3 Rc8 16. Kh2 b5 17. Nac3 Nb6 18. b3 Ba3 19. Rb1 Qe7 20. Rbd1 Bb4 21. Qb2 Na5 22. Nb1 Nb7 23. Nc1 Bd6 24. Bxd6 Nxd6 25. Nd3 Nf5 26. Qd2 Qc7+ 27. Kg1 Qc2 28. Rfe1 Qxd2 29. Rxd2 Nd7 30. Kf2 Rc7 31. Na3 Rfc8 32.
Ree2 Rc3 33. Rc2 Nd6 34. Nc5 Nxc5 35. Rxc3 Nce4+ 36. fxe4 Nxe4+ 37. Kf3 Rxc3 38. Nc2 a5 39. Ne1 a4 40. bxa4 bxa4 41. Rb2 f5 42. Ke2 Ra3 43. Nc2 Rxa2 44. Rxa2 Nc3+ 45. Kd2 Nxa2 46. Na3 Kf7 47. Nb5 Ke7 48. Kc2 Kd7 49. Kb2 Nb4 50. Nc3 a3+ 51. Kb3 a2 52. Kb2 Nc2 53. Nd1 a1=Q+ 54.
Kxc2 e5 55. Nb2 e4 56. Nd1 Qa2+ 57. Nb2 Kc6 58. Kc3 Kb5 59. Kc2 Kb4 60. Kd2 Qxb2+ 0-1

[Event "Early-Titled-Tuesday-Blitz-May-28-2024"]
[Site "Chess.com"]
[Date "2024.05.28"]
[Round "2"]
[White "Szachulec75"]
[Black "Mr_ruthless"]
[Result "1/2-1/2"]
[WhiteElo "2175"]
[BlackElo "2467"]
[TimeControl "180+1"]
[EndTime "8:19:52 PDT"]
[Termination "Game drawn by repetition"]

1. Nf3 Nf6 2. g3 g6 3. Bg2 Bg7 4. d3 O-O 5. O-O d5 6. Nbd2 b6 7. e4 dxe4 8. dxe4 Bb7 9. e5 Nd5 10. a3 Nc6 11. c4 Nxe5 12. cxd5 Qxd5 13. Nh4 Qd7 14. Bxb7 Rad8 15. Bg2 Nd3 16. Nc4 Qb5 17. Qc2 Rd4 18. Be3 Qxc4 19. Qxc4 Rxc4 20. Rad1 Nxb2 21. Rc1 Rd8 22. Rxc4 Nxc4 23. Bc1 c5 24. a4 Bc3 25. Bc6 e5 26. Ng2 f5 27. Ne3 Nxe3 28. Bxe3 Kf7 29. Rc1 Ba5 30. Bb5 Bb4 31. Kf1 Kf6 32. Ke2 g5 33. f4 exf4 34. gxf4 g4 35. Rd1 Rxd1 36.
Kxd1 h5 37. Ke2 Bc3 38. Kd3 Be1 39. Ke2 Bc3 40. Kd3 Be1 41. Ke2 Ba5 42. Kf2 h4 43. Kg2 Be1 44. Bc1 h3+ 45. Kg1 Bc3 46. Be3 Ke6 47. Kf2 Kf6 48. Kg3 Be1+ 49. Bf2 Bd2 50. Bc4 Bc3 51. Bb5 Bb2 52. Bd3 Ke6 53. Bc4+ Kf6 54.
Be1 Bd4 55. Bd2 Bg1 56. Bc3+ Kg6 57. Be5 Be3 58. Bb8 Bd2 59. Kf2 a5 60. Bc7 Bc1 61.
Kg3 Bd2 62. Kf2 Bc1 63. Kg3 Bd2 64. Kf2 1/2-1/2

[Event "Early-Titled-Tuesday-Blitz-May-28-2024"]
[Site "Chess.com"]
[Date "2024.05.28"]
[Round "2"]
[White "jup1978"]
[Black "igorkovalenko"]
[Result "0-1"]
[WhiteElo "2428"]
[BlackElo "2905"]
[TimeControl "180+1"]
[EndTime "8:19:57 PDT"]
[Termination "igorkovalenko won on time"]

1. e4 d5 2. exd5 Qxd5 3. Nc3 Qa5 4. Bc4 Nf6 5. Nge2 a6 6. O-O b5 7. Bb3 Bb7 8. d3 c5 9. Bg5 Nbd7 10. a4 b4 11. Ne4 h6 12. Bxf6 Nxf6 13. N2g3 Nd5 14.
Qh5 e6 15. Rfe1 Be7 16. Bxd5 Bxd5 17. b3 O-O 18. Nd2 Bf6 19. Rad1 Qc7 20. Nge4 Bb2 21. Nc4 Bd4 22. Ne3 Bb7 23. Qh3 f5 24. Nd2 Rae8 25. Nec4 e5 26. Nf3 Bc3 27. Re2 Rf6 28. Qg3 Rfe6 29. Nh4 Qf7 30. Nf3 Qf6 31. Nfd2 g5 32. Qh3 Kg7 33. Qh5 R8e7 34. h4 g4 35.
f3 g3 36. Nf1 Bd4+ 37. Kh1 f4 38. Nfd2 Qg6 39. Qxg6+ Kxg6 40. Ne4 Bd5 41. Ncd6 Kh5 42.
Nf5 Rf7 43. Nxd4 exd4 44. Rde1 Rfe7 45. Kg1 Kxh4 46. Kf1 Bxe4 47. Rxe4 Rxe4 48. dxe4 Re5 49. Rd1 Kg5 50. Ke2 Kg6 51. Kd3 Rh5 52. Rd2 Kf6 53.
Kc4 Ke6 54. a5 Kd6 55. Re2 Rg5 56. Rd2 h5 57. Rd1 h4 58. Rh1 Rh5 59. Rh3 Kc6 60. Kd3 Kb5 61. Kd2 Kxa5 62. e5 Kb5 63. Kd3 Rxe5 64.
Rxh4 Rf5 65. Ke4 Rf8 66. Rxf4 Rxf4+ 67. Kxf4 c4 68. Ke4 d3 69. Ke3 dxc2 70. Kd2 cxb3 71. f4 Kc5 0-1

[Event "Early-Titled-Tuesday-Blitz-May-28-2024"]
[Site "Chess.com"]
[Date "2024.05.28"]
[Round "2"]
[White "Viktor_Poddubnyi"]
[Black "RespectfulDaveOnYouTube"]
[Result "1-0"]
[WhiteElo "2299"]
[BlackElo "2497"]
[TimeControl "180+1"]
[EndTime "8:19:58 PDT"]
[Termination "Viktor_Poddubnyi won by resignation"]

1. e4 d5 2. exd5 c6 3. dxc6 Nxc6 4. Nf3 e5 5. d3 Bd6 6. Be2 Nge7 7.
Nc3 O-O 8. O-O h6 9. b3 f5 10.
Bb2 Ng6 11. Re1 Nf4 12. Bf1 a6 13. Ne2 Ng6 14. Ng3 Bd7 15. d4 e4 16. Ne5 Ncxe5 17. dxe5 Bb4 18. Qd5+ Kh7 19. Red1 Bc6 20. Qxd8 Raxd8 21. Rxd8 Rxd8 22. Nxf5 Rd2 23. Ne3 Bc5 24. Rc1 Bd4 25.
Bxd4 Rxd4 26. Rd1 Rxd1 27. Nxd1 Nxe5 28. Ne3 b5 29. Be2 g5 30. Kf1 Kg6 31. Ke1 h5 32. Kd2 g4 33. c4 Kf6 34. cxb5 axb5 35. Kc3 Ke6 36. Kb4 Kd6 37. Bxb5 Bxb5 38. Kxb5 Nd3 39. Nd1 Nc1 40. a4 Nxb3 41. a5 Nd4+ 42. Kb6 Ne6 43. a6 Nc7 44. Ne3 Nxa6 45. Kxa6 Ke5 46. Kb5 Kd4 47. Nf5+ Kd3 48. Ng7 h4 49. Nf5 g3 50.
fxg3 hxg3 51. h4 e3 52. Nxe3 Kxe3 53. h5 Kf2 54. h6 Kxg2 55. h7 Kg1 56. h8=Q g2 57.
Qd4+ Kf1 58. Qf4+ Ke2 59. Qg3 Kf1 60. Qf3+ Kg1 61. Kc4 Kh2 62. Qh5+ Kg3 63. Qg5+ Kf2 64. Qf4+ Ke1 65. Qg3+ Kf1 66. Qf3+ Ke1 67. Qxg2 Kd1 68. Kd3 1-0

[Event "Early-Titled-Tuesday-Blitz-May-28-2024"]
[Site "Chess.com"]
[Date "2024.05.28"]
[Round "2"]
[White "LLariMarc"]
[Black "djokovic74"]
[Result "0-1"]
[WhiteElo "2485"]
[BlackElo "2763"]
[TimeControl "180+1"]
[EndTime "8:19:59 PDT"]
[Termination "djokovic74 won by resignation"]

1. d4 e6 2. Nf3 Nf6 3. Bg5 h6 4. Bh4 c5 5. e3 b6 6. Nbd2 Bb7 7.
c3 Be7 8. Bd3 Nc6 9. O-O O-O 10.
a3 d5 11. Qe2 Ne4 12. Bxe7 Nxe7 13. Rad1 Qc7 14. Rfe1 Rac8 15. Nf1 Rfd8 16. Ng3 a5 17.
Ne5 f6 18. Nf3 Bc6 19. Bb5 Bb7 20. Nxe4 dxe4 21. Nd2 Bd5 22. a4 Nf5 23. Nf1 c4 24. Ng3 Nd6 25. Qg4 Qf7 26. h4 Kh8 27. h5 Nxb5 28. axb5 Qd7 29. Nxe4 f5 30. Qf4 Bxe4 31. f3 Bd3 32. e4 fxe4 33. fxe4 Qxb5 34. Rd2 Rf8 35. Qd6 Qg5 36. Rf2 Rxf2 37. Kxf2 Qf6+ 38.
Kg1 Rf8 39. Qg3 Qg5 40. Qd6 Qf6 41. Qg3 Qf4 42. Qxf4 Rxf4 43. e5 Kg8 44. Ra1 Kf8 45.
g3 Rf5 46. Kg2 Ke8 47. Ra3 Kd7 48. b3 Kc6 49. bxc4 Bxc4 50. g4 Bd5+ 51. Kg3 Rf3+ 52.
Kh4 Rf1 53. Kg3 Rb1 54. Kf4 Rb3 55. Ra1 Rxc3 56. g5 hxg5+ 57. Kxg5 Rg3+ 58. Kf4 Rg2 59. Rc1+ Kb7 60. Rh1 Rg4+ 61. Kxg4 Bxh1 62. Kg5 Be4 63. d5 Bxd5 64. Kg6 Kc6 65. Kxg7 Be4 66. Kf6 Kd5 67. h6 a4 68. Kg7 a3 69. h7 Bxh7 70. Kxh7 a2 0-1

[Event "Early-Titled-Tuesday-Blitz-May-28-2024"]
[Site "Chess.com"]
[Date "2024.05.28"]
[Round "2"]
[White "Triumphmate"]
[Black "RianKapriaga"]
[Result "0-1"]
[WhiteElo "2499"]
[BlackElo "2306"]
[TimeControl "180+1"]
[EndTime "8:19:59 PDT"]
[Termination "RianKapriaga won by checkmate"]

1. e4 c6 2. Nf3 d5 3. exd5 cxd5 4.
d4 Nc6 5. c3 Nf6 6. Bd3 Bg4 7.
O-O e6 8. Be3 Bd6 9. Nbd2 Qc7 10.
Qc2 Rc8 11. a3 h6 12. Rae1 g5 13. c4 Bxf3 14. Nxf3 g4 15. Nd2 Bxh2+ 16. Kh1 Bf4 17. b4 h5 18. cxd5 Nxd5 19. Be4 Nce7 20. Qa4+ Qd7 21. Qxa7 h4 22. Bxd5 Nxd5 23. Ne4 Kf8 24. Rc1 Kg7 25. Bxf4 Nxf4 26. Nc5 Qd5 27. Qxb7 Rxc5 28.
Qxd5 Rxd5 29. a4 Rxd4 30. Rb1 Rb8 31. g3 Nd5 32. b5 Rxa4 33. gxh4 Rb4 34. Rxb4 Nxb4 35.
Rg1 f5 36. Kg2 Rxb5 37. Rb1 Rb6 38. Kg3 Kf6 39. Rb3 Nd5 40. Ra3 Rc6 41. Ra8 Rc3+ 42.
Kg2 Nf4+ 43. Kh2 Rh3+ 44. Kg1 Rxh4 45. Ra4 Nd5 46. Ra1 Rh3 47. Ra8 Rc3 48. Rf8+ Ke5 49. Ra8 Rc2 50. Ra4 f4 51. Kg2 g3 52. Kg1 Rxf2 53. Ra1 Rb2 54. Re1+ Kf5 55. Ra1 Kg4 56.
Kh1 Ne3 57. Rf1 Nf5 58. Re1 Nd4 59. Re5 Rh2+ 60. Kg1 Nf3+ 61. Kf1 Rf2# 0-1

[Event "Early-Titled-Tuesday-Blitz-May-28-2024"]
[Site "Chess.com"]
[Date "2024.05.28"]
[Round "2"]
[White "Makswolf200817"]
[Black "zsizsi99"]
[Result "0-1"]
[WhiteElo "2761"]
[BlackElo "2555"]
[TimeControl "180+1"]
[EndTime "8:20:06 PDT"]
[Termination "zsizsi99 won by checkmate"]

1. d4 Nf6 2. c4 e6 3. g3 c5 4. d5 b5 5. Bg2 Bb7 6. e4 bxc4 7.
Nc3 exd5 8. exd5 d6 9. Nf3 Qe7+ 10.
Be3 Ng4 11. O-O Nxe3 12. fxe3 g6 13. Nd2 Bg7 14. Nxc4 O-O 15. Ne4 Rd8 16. Rb1 f5 17.
Ned2 Nd7 18. e4 fxe4 19. Nxe4 Nb6 20. Na5 Bd4+ 21. Kh1 Bxd5 22. Nf6+ Bxf6 23. Bxd5+ Nxd5 24. Qxd5+ Qf7 25. Qf3 Rf8 26. Rbd1 Qxa2 27. Nb7 Be5 28. Qg2 Qxb2 29. Qd5+ Kg7 30. Nxd6 Rad8 31. Rf7+ Rxf7 32. Qxf7+ Kh6 33. Nf5+ gxf5 34. Qe6+ Kg5 35. Rxd8 Qb1+ 36. Kg2 Qe4+ 37. Kf1 Qf3+ 38. Kg1 Bd4+ 39. Rxd4 cxd4 40. Qg8+ Kh6 41. Qf8+ Kg6 42. Qd6+ Kg7 43. Qxd4+ Kg6 44. Qd6+ Kg5 45. Qe7+ Kg6 46. Qe6+ Kg7 47. Qd7+ Kg6 48. Qxa7 Qd1+ 49. Kg2 Qe2+ 50. Qf2 Qe4+ 51. Kg1 Qb1+ 52.
Kg2 Qe4+ 53. Qf3 Qc2+ 54. Kh3 Qc7 55. Qd5 Qe7 56. Qd3 Qg5 57. Qd6+ Kg7 58. Qe5+ Kg6 59. Qe6+ Qf6 60. Qd5 Qg5 61. Kg2 Qg4 62. Kf2 Qg5 63. h3 Qf6 64. Kf3 Qc3+ 65. Kf4 Qc1+ 66. Ke5 Qe1+ 67.
Kf4 Qf2+ 68. Qf3 Qd4+ 69. Qe4 Qxe4# 0-1

[Event "Early-Titled-Tuesday-Blitz-May-28-2024"]
[Site "Chess.com"]
[Date "2024.05.28"]
[Round "2"]
[White "ASKA538"]
[Black "littlepinkyboy"]
[Result "1/2-1/2"]
[WhiteElo "2392"]
[BlackElo "2633"]
[TimeControl "180+1"]
[EndTime "8:20:06 PDT"]
[Termination "Game drawn - insufficient material"]

1. e4 c5 2. Nf3 e6 3. d4 cxd4 4.
Nxd4 Nc6 5. Nc3 Qc7 6. Be3 Nf6 7.
f3 Bb4 8. Nb5 Qa5 9. a3 Bxc3+ 10.
Nxc3 d5 11. Qd2 O-O 12. exd5 exd5 13. O-O-O Rd8 14. Bg5 d4 15. Bxf6 gxf6 16. Ne4 Qxd2+ 17.
Rxd2 Kg7 18. g4 f5 19. Nf2 fxg4 20. fxg4 Ne5 21. h3 Be6 22. Bg2 Bd5 23. Be4 Bxe4 24. Nxe4 Rd5 25. Rhd1 Rad8 26. g5 Nf3 27. Rd3 Ne5 28. Rg3 d3 29. Nc3 R5d7 30. cxd3 Nxd3+ 31. Kc2 Ne5 32. Rxd7 Rxd7 33. Re3 Nc4 34. Re4 Nb6 35. b3 Kg6 36. h4 Kf5 37. a4 Rc7 38. Rd4 Ke5 39.
Re4+ Kf5 40. Rd4 Nc8 41. Kd3 Ne7 42. Nb5 Rc1 43. Kd2 Rc5 44. Rd7 Rd5+ 45. Rxd5+ Nxd5 46. Nd6+ Kg4 47. Nxf7 Kxh4 48. Kd3 Kh5 49. Ke4 Nc3+ 50.
Kf5 Ne2 51. Nd8 Ng3+ 52. Kf4 Ne2+ 53. Kf5 Nd4+ 54. Kf6 b6 55. b4 Ne2 56. Nc6 a6 57.
Nb8 a5 58. bxa5 bxa5 59. Nc6 Nc3 60. Nxa5 Nxa4 61. Nc4 Nc5 62. Ne5 Ne4+ 63. Kf5 Nxg5 64. Nd7 h6 65. Nf6+ Kh4 66. Kg6 Ne6 67. Kxh6 1/2-1/2

[Event "Early-Titled-Tuesday-Blitz-May-28-2024"]
[Site "Chess.com"]
[Date "2024.05.28"]
[Round "2"]
[White "Losingexperience"]
[Black "frankshar"]
[Result "1-0"]
[WhiteElo "2763"]
[BlackElo "2511"]
[TimeControl "180+1"]
[EndTime "8:20:09 PDT"]
[Termination "Losingexperience won by resignation"]

1. e4 c5 2. Nf3 d6 3. d4 cxd4 4. Qxd4 Nc6 5. Qe3 Nf6 6. h3 g6 7.
Be2 Bg7 8. O-O O-O 9. c4 Qb6 10. Nc3 Be6 11. Rd1 Nd7 12. Rb1 Qxe3 13. Bxe3 Bxc3 14.
bxc3 b6 15. Nd4 Na5 16. Nxe6 fxe6 17. f4 Rac8 18. e5 Nxc4 19. Bxc4 Rxc4 20. exd6 exd6 21. Rxd6 Nc5 22. Bxc5 Rxc5 23. Rxe6 Rxf4 24. Rb3 Kf7 25. Re2 Rfc4 26. Re3 Rf4 27. Ra3 a5 28. Rb3 b5 29.
Rb2 Rfc4 30. Rf2+ Kg7 31. Re7+ Kh6 32. Rff7 Rxc3 33. Rxh7+ Kg5 34. Rhg7 Rc2 35. Re6 Rxa2 36. Rgxg6+ Kf4 37. Rg4+ Kf5 38. Reg6 Rc1+ 39. Kh2 b4 40.
R6g5+ Ke6 41. Rb5 Rb1 42. Rg6+ Kf7 43. Ra6 Re1 44. Rbxa5 Rxa5 45. Rxa5 Rb1 46. Rb5 b3 47. h4 Kg6 48. h5+ Kh6 49. g4 Rb2+ 50. Kg3 Rb1 51. Rb6+ Kh7 52. g5 Rg1+ 53. Kf4 Rf1+ 54. Ke3 Rh1 55. Rb7+ Kg8 56. h6 Rg1 57. Kf4 Rf1+ 58.
Kg4 Rb1 59. Kf5 b2 60. Kg6 Kf8 61. h7 Rh1 62. Rxb2 Ke7 63. Rb8 1-0

[Event "Early-Titled-Tuesday-Blitz-May-28-2024"]
[Site "Chess.com"]
[Date "2024.05.28"]
[Round "2"]
[White "Milop27"]
[Black "Statham_01"]
[Result "1-0"]
[WhiteElo "2485"]
[BlackElo "2721"]
[TimeControl "180+1"]
[EndTime "8:20:09 PDT"]
[Termination "Milop27 won by checkmate"]

1. e4 e5 2. Nf3 Nc6 3. Bb5 a6 4. Ba4 Nf6 5. d3 b5 6. Bb3 Be7 7. O-O O-O 8. c3 d5 9. exd5 Nxd5 10. h3 Bb7 11. Re1 Bc5 12. Nbd2 Nf4 13. d4 exd4 14. Ne4 Bd6 15. cxd4 Nb4 16. a3 Nbd3 17. Re3 Nxc1 18.
Rxc1 Re8 19. Nc5 Bxc5 20. Rxc5 Qf6 21. Rxc7 Rxe3 22. Rxf7 Nxh3+ 23. Kf1 Rxb3 24. Rxf6 Bd5 25. gxh3 gxf6 26. Nd2 Rd3 27. Qg4+ Kh8 28. Qf5 Rxd2 29.
Qxf6+ Kg8 30. Qg5+ Kf8 31. Qxd2 Bc4+ 32. Kg2 Kf7 33.
Qf4+ Kg7 34. d5 Rf8 35. Qe5+ Kf7 36. d6 Rg8+ 37. Kh2 Be6 38. Qh5+ Kf6 39. Qxh7 Rg6 40. d7 Bxd7 41. Qxd7 Rg5 42. Qd8+ Kf5 43. Qxg5+ Kxg5 44. Kg3 a5 45. h4+ Kh5 46. f4 b4 47. a4 Kg6 48.
Kg4 Kh6 49. f5 Kg7 50. Kg5 Kf7 51. f6 Ke6 52. Kg6 Kd5 53. f7 Kc4 54. f8=Q Kb3 55. Qf2 Kxa4 56. h5 Kb3 57. h6 a4 58. h7 Ka2 59.
h8=Q b3 60. Qg8 Ka1 61. Qc4 a3 62. bxa3 b2 63. Qc3 Ka2 64. Qcxb2# 1-0

[Event "Early-Titled-Tuesday-Blitz-May-28-2024"]
[Site "Chess.com"]
[Date "2024.05.28"]
[Round "2"]
[White "MarkusRagger"]
[Black "Manukyan_Artak"]
[Result "1-0"]
[WhiteElo "2792"]
[BlackElo "2557"]
[TimeControl "180+1"]
[EndTime "8:20:12 PDT"]
[Termination "MarkusRagger won by resignation"]

1. d4 d5 2. c4 dxc4 3. Nf3 Nf6 4. e3 e6 5. Bxc4 c5 6. O-O a6 7. dxc5 Bxc5 8. Qxd8+ Kxd8 9. Be2 Ke7 10. Nc3 Bd7 11. Bd2 Rc8 12. Rac1 Ba7 13. Rfd1 Nc6 14. Na4 Ke8 15. Nc5 Bxc5 16. Rxc5 Ne4 17. Rcc1 Nxd2 18.
Nxd2 Nb4 19. Nc4 Ke7 20. a3 Nd5 21. Bf3 Ba4 22. Bxd5 Bxd1 23. Bxb7 Be2 24. Bxa8 Rxc4 25. Rxc4 Bxc4 26. f3 Kd6 27. Kf2 Kc5 28. Ke1 a5 29. Kd2 e5 30. Kc3 Bf1 31. g3 f6 32.
Be4 h6 33. f4 g5 34. fxg5 fxg5 35. b4+ axb4+ 36. axb4+ Kd6 37. Bd3 Bg2 38. Bc4 Be4 39. Kb3 Kc6 40. Bf7 Kb5 41. Be8+ Kb6 42. Kc4 Bf3 43.
Bf7 Be4 44. Be6 Bf3 45. Bf5 Bc6 46. Bg6 Bf3 47. e4 Kc6 48. Be8+ Kd6 49. Bg6 Be2+ 50. Kb3 Kc6 51. Be8+ Kb6 52. Bf7 Bd3 53. Bd5 Kb5 54.
Kc3 Be2 55. Bf7 Kb6 56. Be8 Bf3 57. Bg6 Be2 58. Bf5 Bf1 59. h4 gxh4 60. gxh4 Be2 61. Be6 Kb5 62. Bd5 Bf1 63. Bf7 Be2 64. Be8+ Kb6 65. Kd2 Bf1 66. Ke3 Kc7 67. Kf3 Bd3 68. Bf7 Kb6 69. Be8 Bc2 70. b5 Kc5 71. Bc6 Bd3 72.
Kg4 Bxb5 73. Bxb5 Kxb5 74. Kf5 Kc5 75. Kxe5 1-0

[Event "Early-Titled-Tuesday-Blitz-May-28-2024"]
[Site "Chess.com"]
[Date "2024.05.28"]
[Round "2"]
[White "kuchma777"]
[Black "Fore_Man"]
[Result "1-0"]
[WhiteElo "2505"]
[BlackElo "2257"]
[TimeControl "180+1"]
[EndTime "8:20:14 PDT"]
[Termination "kuchma777 won by checkmate"]

1. e4 e6 2. d4 d5 3. Nd2 c5 4. Ngf3 cxd4 5. Nxd4 Nc6 6. Nxc6 bxc6 7. Bd3 Bd6 8. O-O Ne7 9. Re1 e5 10. exd5 cxd5 11.
c4 O-O 12. cxd5 Nxd5 13. Nc4 Bb7 14. Nxe5 Nb4 15. Bf4 Bxe5 16. Bxh7+ Kxh7 17. Qh5+ Kg8 18. Bxe5 Qd5 19. Qg4 f6 20. Bc3 Nc2 21. Rad1 Qxg2+ 22. Qxg2 Bxg2 23. Kxg2 Nxe1+ 24. Rxe1 Rfe8 25. Rc1 Rac8 26.
a4 Kf7 27. Rd1 a6 28. Rd6 Re6 29. Rd7+ Kg6 30. Kg3 Rc4 31. a5 f5 32. Rxg7+ Kh6 33.
Rf7 Kg6 34. Rg7+ Kh6 35. Rg8 Rg6+ 36. Rxg6+ Kxg6 37. Kf3 Kg5 38. Ke3 Kg4 39. Kd3 Rf4 40. Bd4 Rf3+ 41. Kc4 Rh3 42. Be5 f4 43. Kc5 Kf3 44.
Bd4 Rxh2 45. Kb6 Rh6+ 46. Ka7 Rd6 47. Bb6 Ke2 48. Kxa6 Kd3 49. Kb7 Kc4 50. a6 Rd7+ 51.
Kc6 Rh7 52. a7 Rh8 53. Kb7 Rh7+ 54. Bc7 Rh8 55. a8=Q Rxa8 56. Kxa8 Kb3 57. Bxf4 Kxb2 58. Be3 Kc3 59. Kb7 Kd3 60. Kc6 Ke4 61. Kd6 Kf3 62.
Ke6 Ke4 63. Kf6 Kf3 64. Kg5 Ke4 65. f4 Kf3 66. f5 Ke4 67. f6 Kd5 68. f7 Ke4 69.
f8=Q Kxe3 70. Qf4+ Kd3 71. Qe5 Kc2 72. Qd4 Kb3 73.
Qc5 Kb2 74. Qc4 Ka3 75. Qb5 Ka2 76. Qb4 Ka1 77. Kf4 Ka2 78. Ke3 Ka1 79. Kd2 Ka2 80. Kc2 Ka1 81. Qa4# 1-0